 Dungeon Crawl Stone Soup version 0.31.0-12-g77e489cdc1 (webtiles) character file.

Game seed: 14247547957588697740

117079 Tovical the Devastator (level 16, -5/106 HPs)
             Began as a Tengu Air Elementalist on Mar 3, 2024.
             Was a High Priest of Vehumet.
             Killed from afar by a frost giant (26 damage)
             ... with a bolt of cold
             ... in an ice cave.
             The game lasted 03:41:51 (29102 turns).

Tovical the Devastator (Tengu Air Elementalist)    Turns: 29102, Time: 03:41:53

Health: -5/106     AC: 15    Str: 11    XL:     16   Next: 73%
Magic:  17/34      EV: 37    Int: 22    God:    Vehumet [*****.]
Gold:   2142       SH:  0    Dex: 14    Spells: 12/41 levels left

rFire   + + .        a - staff of air
rCold   + . .        (no shield)
rNeg    . . .        C - +1 robe {rC+ rF+}
rPois   .            F - +2 hat {SInv}
rElec   +            J - +2 cloak
rCorr   .            q - +2 pair of gloves
SInv    +            (boots unavailable)
Will    +....        x - amulet of magic regeneration
Stlth   ++           u - +4 ring of protection
HPRegen 0.37/turn    M - ring of protection from fire
MPRegen 0.64/turn

%: acrobat
@: acrobatic, flying, studying Ice Magic
A: beak, talons 3, evasive flight, acrobatic
a: Renounce Religion


You were in an ice cave.
You worshipped Vehumet.
Vehumet was extremely pleased with you.
You visited 5 branches of the dungeon, and saw 25 of its levels.
You also visited: Gauntlet and Ice Cave.

You collected 2375 gold pieces.
You spent 233 gold pieces at shops.

Inventory:

Hand Weapons
 b - the +4 rapier "Vasafira" {drain, rF++}
   (You took it off a kobold on level 4 of the Dungeon)

   rF++:      It greatly protects you from fire.
 c - the +9 rapier "Tengu's Regret" {speed, rCorr Str+2}
   (You took it off an orc on level 4 of the Dungeon)

   Str+2:     It affects your strength (+2).
   rCorr:     It protects you from acid and corrosion.
Missiles
 o - 2 throwing nets (quivered)
Armour
 k - a scarf of repulsion
 q - a +2 pair of gloves (worn)
 C - a +1 robe of resistance (worn)
 F - a +2 hat of see invisible (worn)
 J - a +2 cloak (worn)
Magical Staves
 a - a staff of air (weapon)
Jewellery
 r - an amulet of regeneration
 u - a +4 ring of protection (left hand)
 w - a ring of fire
 x - an amulet of magic regeneration (around neck)
 M - a ring of protection from fire (right hand)
Wands
 h - a wand of roots (5)
 p - a wand of digging (2)
 s - a wand of quicksilver (5)
Scrolls
 n - 9 scrolls of identify
 t - 2 scrolls of amnesia
 v - a scroll of poison
 y - 2 scrolls of teleportation
 B - a scroll of fog
 E - 4 scrolls of enchant weapon
 H - a scroll of revelation
 I - a scroll of acquirement
Potions
 d - 5 potions of cancellation
 f - 3 potions of invisibility
 g - a potion of curing
 i - 6 potions of might
 j - 2 potions of ambrosia
 l - 2 potions of enlightenment
 m - 3 potions of magic
 z - 2 potions of berserk rage
 A - a potion of heal wounds
 D - a potion of resistance
 G - a potion of haste


   Skills:
 + Level 14.1 Fighting
 + Level 10.2 Staves
 - Level 12.0 Dodging
 - Level 2.0 Stealth
 + Level 13.3 Spellcasting
 - Level 18.0 Conjurations
 + Level 14.0 Air Magic


You had 12 spell levels left.
You knew the following spells:

 Your Spells              Type           Power      Damage    Failure   Level
a - Shock                 Conj/Air       100%       1d9       0%          1
b - Airstrike             Air            43%        2d(7-23)  1%          4
c - Arcjolt               Conj/Air       45%        1d55      1%          5
d - Swiftness             Air            86%        N/A       1%          3
e - Stone Arrow           Conj/Erth      100%       3d13      1%          3
f - Mephitic Cloud        Conj/Alch/Air  75%        N/A       1%          3
g - Conjure Ball Lightni  Conj/Air       45%        3x3d16    1%          6
h - Summon Lightning Spi  Summ/Air       62%        N/A       2%          4

Your spell library contained the following spells:

 Spells                   Type           Power      Damage    Failure   Level
 Ozocubu's Refrigeration  Ice            7%         4d9       100%        7
 Magic Dart               Conj           100%       1d8       0%          1
 Static Discharge         Conj/Air       100%       3-8/arc   0%          2
 Kiss of Death            Conj/Necr      100%       2d13      1%          1
 Sting                    Conj/Alch      100%       1d9       1%          1
 Cigotuvi's Dreadful Rot  Necr/Alch/Air  100%       N/A       1%          2
 Brom's Barrelling Bould  Conj/Erth      52%        2d7       1%          4
 Fireball                 Conj/Fire      26%        3d12      1%          5
 Irradiate                Conj/Alch      26%        3d20      1%          5
 Iskenderun's Battlesphe  Conj           76%        2d12      1%          5
 Orb of Destruction       Conj           38%        9d11      1%          7
 Necrotise                Necr           56%        1d6       4%          1
 Slow                     Hex            56%        N/A       4%          1
 Blink                    Tloc           28%        N/A       7%          2
 Call Imp                 Summ           28%        N/A       7%          2
 Ensorcelled Hibernation  Hex/Ice        28%        N/A       7%          2
 Jinxbite                 Hex            28%        N/A       7%          2
 Lesser Beckoning         Tloc           28%        N/A       7%          2
 Sublimation of Blood     Necr           14%        N/A       7%          2
 Olgreb's Toxic Radiance  Alch           14%        N/A       12%         4
 Call Canine Familiar     Summ           14%        N/A       13%         3
 Confusing Touch          Hex            14%        N/A       13%         3
 Gell's Gravitas          Tloc           14%        N/A       13%         3
 Passwall                 Erth           14%        N/A       13%         3
 Sigil of Binding         Hex            14%        N/A       13%         3
 Teleport Other           Tloc           14%        N/A       13%         3
 Tukima's Dance           Hex            14%        N/A       13%         3
 Vampiric Draining        Necr           14%        2d7       13%         3
 Lee's Rapid Deconstruct  Erth           7%         3d6*      30%         5
 Animate Armour           Summ/Erth      28%        N/A       41%         4
 Animate Dead             Necr           14%        N/A       41%         4
 Dimensional Bullseye     Hex/Tloc       7%         N/A       41%         4
 Dispel Undead            Necr           14%        3d10      41%         4
 Martyr's Knell           Necr/Summ      14%        N/A       41%         4
 Petrify                  Alch/Erth      14%        N/A       41%         4
 Alistair's Intoxication  Alch           9%         N/A       77%         5
 Borgnjor's Vile Clutch   Necr/Erth      7%         N/A       77%         5
 Curse of Agony           Necr           14%        N/A       77%         5
 Lehudib's Crystal Spear  Conj/Erth      26%        10d7      83%         8
 Death Channel            Necr           7%         N/A       100%        6
 Sculpt Simulacrum        Ice/Alch       7%         N/A       100%        6
 Haunt                    Necr/Summ      7%         N/A       100%        7
 Borgnjor's Revivificati  Necr           7%         N/A       100%        8
 Death's Door             Necr           7%         N/A       100%        9


Dungeon Overview and Level Annotations

Branches:
Dungeon (13/15)            Temple (1/1) D:4            Lair (5/5) D:8
 Shoals (4/4) Lair:3       Spider (0/4) Lair:3        Slime (0/5) Lair:4
    Orc (2/2) D:9             Elf (0/3) Orc:2         IceCv (1/1)
Gauntlet (visited)
 Vaults: D:13-14

Altars:
Ashenzari
Cheibriados
Dithmenos
Elyvilon
Fedhas
Gozag
Hepliaklqana
Kikubaaqudgha
Makhleb
Nemelex Xobeh
Okawaru
Qazlal
Ru
Sif Muna
Trog
Uskayaw
Vehumet
Wu Jian
Xom
Yredelemnul
Zin
The Shining One
Jiyva

Shops:
D:6 *   Orc:2 *=[=

Annotations:
Lair:1 1 runed translucent door, Gadfly's ghost, journeyman GrFi


Innate Abilities, Weirdness & Mutations

You have a beak for a mouth.
You have claws for feet.
Your magical flight helps you evade attacks. (EV +4)
You can magically evade attacks while moving or waiting.


Message History

The rime drake bites something but does no damage.
The white ugly thing is engulfed in noxious fumes.
The white ugly thing appears confused.
The white ugly thing trunk-slaps the frost giant.
The white ugly thing freezes the frost giant.
The frost giant resists.
The frost giant is engulfed in noxious fumes.
The frost giant hits the ironbound frostheart with a +5 battleaxe of freezing!!!
The frost giant freezes the ironbound frostheart.
You hear a shout!
The frost giant seems less confused.
The ironbound frostheart is engulfed in noxious fumes.
The ironbound frostheart appears confused.
The ironbound frostheart wonders, "What am I doing in here?"
The ironbound frostheart touches itself.
The white ugly thing is engulfed in noxious fumes.
The white ugly thing appears confused.
The white ugly thing trunk-slaps the ironbound frostheart!
The ironbound frostheart is killed!
Vehumet accepts your kill.
You feel your power returning.
The rime drake is engulfed in noxious fumes.
The rime drake appears confused.
The frost giant is engulfed in noxious fumes.
The white ugly thing is engulfed in noxious fumes.
The frost giant points at you and mumbles some strange words.
The bolt of cold hits you!! You resist.
* * * LOW HITPOINT WARNING * * *
You hear a shout!
As you read the scroll of teleportation, it crumbles to dust.
You feel strangely unstable.
You feel much better.
Your surroundings suddenly seem different.
A frost giant comes into view.
It is wielding a +0 battleaxe of freezing.
The frost giant points at you and mumbles some strange words.
The bolt of cold hits you!! You resist.
* * * LOW HITPOINT WARNING * * *
The frost giant casts a spell at you. The bolt of cold hits you!! You resist.
You die...

.....# .k... ....##
....## ....#
###.p.# ##)##..#
##[@.#†C# #.[..#[.#
## #))...C.# ##.
##...CC.# #.#
#[u..p.# #..
##.....# ##.#
#..###..##### ##..#
#......##≈≈##
##..##
#.....#.≈≈≈≈###.#.#


You could see 3 frost giants, a white ugly thing (confused) and an ironbound
frostheart.

Vanquished Creatures
  Polyphemus (Shoals:2)
  A minotaur (Gauntlet)
  A white draconian (IceCv)
  A merfolk impaler (Shoals:4)
  An ice dragon (IceCv)
  3 hydras
  A catoblepas (Shoals:2)
  3 centaur warriors
  2 alligator snapping turtles (Shoals:2)
  5 ironbound frosthearts (IceCv)
  3 two-headed ogres
  22 death yaks
  4 orc high priests (Orc:2)
  A skeletal warrior (D:12)
  5 skysharks
  Lodul (D:10)
  6 sea snakes
  6 harpies
  Pikel (D:6)
  5 orc knights
  3 manticores
  3 ugly things
  A spectral boulder beetle (Gauntlet)
  3 cyclopes
  4 orc sorcerers (Orc:2)
  2 fauns (Shoals:2)
  13 elephants
  3 kobold blastminers (Orc:2)
  A merfolk siren (Shoals:2)
  4 black mambas
  11 cane toads
  11 rime drakes
  3 torpor snails
  6 komodo dragons
  3 unseen horrors
  13 merfolk
  2 trolls
  5 polar bears
  3 wind drakes
  A hornet (D:11)
  18 blink frogs
  13 dream sheep
  Prince Ribbit (D:8)
  3 snapping turtles
  Sigmund (D:6)
  2 culicivoras (Lair:3)
  2 wraiths (D:11)
  5 wyverns
  3 shadows
  54 yaks
  3 water elementals
  5 wargs
  A steam dragon (Lair:5)
  2 basilisks
  9 vampire mosquitoes
  5 humans
  A neqoxec (Gauntlet)
  2 chaos spawn (Gauntlet)
  2 acid dragons
  Menkaure (D:5)
  12 water moccasins
  Duvessa (D:4)
  2 hell hounds (Gauntlet)
  22 orc warriors
  An ice beast (D:6)
  4 black bears
  A sky beast (D:8)
  10 ogres
  11 wolves
  9 centaurs
  2 kobold brigands
  A phantom (D:5)
  10 bullfrogs
  Blork the orc (D:4)
  2 scorpions
  3 gnoll sergeants
  A burial acolyte (D:7)
  9 wights
  Dowan (D:4)
  5 killer bees (D:9)
  3 howler monkeys
  A lava snake (D:8)
  3 hounds
  2 jellies (D:6)
  Crazy Yiuf (D:5)
  A gnoll bouda (D:5)
  A sleepcap (D:7)
  17 orc priests
  Jessica (D:2)
  15 orc wizards
  A nameless horror (Lair:5)
  17 gnolls
  10 adders
  A shadow imp (D:7)
  2 dart slugs
  66 orcs
  9 ball pythons
  6 bats
  7 endoplasms
  4 giant cockroaches
  8 goblins
  7 hobgoblins
  4 jackals (D:4)
  A quokka (D:4)
  5 frilled lizards
  2 jackal zombies (D:7)
  22 kobolds
  3 rats
629 creatures vanquished.

Vanquished Creatures (collateral kills)
  A fenstrider witch (Shoals:1)
  A frost giant (IceCv)
  A merfolk impaler (Shoals:2)
  An ice dragon (IceCv)
  A merfolk avatar (Lair:5)
  3 death yaks
  A skyshark (Shoals:2)
  3 sea snakes
  2 orc knights
  2 harpies (Shoals:2)
  2 cyclopes
  2 ugly things (IceCv)
  An orc sorcerer (Orc:2)
  3 merfolk sirens
  3 fauns (Shoals:2)
  2 elephants (Lair:5)
  A water nymph (Shoals:1)
  A kobold blastminer (Orc:2)
  A cane toad (Lair:5)
  A merfolk (Shoals:4)
  3 blink frogs (Lair:5)
  A snapping turtle (Lair:5)
  4 dream sheep
  A wind drake (Shoals:1)
  A water elemental (Shoals:1)
  12 yaks
  6 orc warriors (Orc:2)
  An ogre (Orc:1)
  A bullfrog (Lair:4)
  2 orc priests
  7 orcs
72 creatures vanquished.

Vanquished Creatures (others)
  A water moccasin (Lair:4)
  An ufetubus (D:6)
  125 ball lightnings
127 creatures vanquished.

Grand Total: 828 creatures vanquished

Notes
Turn   | Place    | Note
-------+----------+-------------------------------------------
     0 | D:1      | Tovical the Tengu Air Elementalist began the quest for the
                  | Orb.
     0 | D:1      | Reached XP level 1. HP: 10/10 MP: 4/4
   199 | D:1      | Reached XP level 2. HP: 15/15 MP: 4/6
   468 | D:1      | Reached skill level 2 in Conjurations
   505 | D:1      | Got the Volume of Toxic Interference
   949 | D:1      | Reached XP level 3. HP: 20/20 MP: 3/7
  1540 | D:2      | Noticed Jessica
  1544 | D:2      | Killed Jessica
  1545 | D:2      | Reached skill level 1 in Fighting
  1545 | D:2      | Reached XP level 4. HP: 25/25 MP: 1/8
  1803 | D:2      | Identified the +0 leather armour of the Twenty Stories
                  | {rElec rPois Dex-3}
  1835 | D:2      | HP: 1/25 [gnoll/+0 club (7)]
  2177 | D:2      | Found a faded altar of an unknown god.
  2291 | D:2      | Reached XP level 5. HP: 30/30 MP: 4/10
  2401 | D:3      | Reached skill level 3 in Conjurations
  2504 | D:3      | Found a shadowy altar of Dithmenos.
  2581 | D:4      | Noticed Blork the orc
  2861 | D:3      | Reached skill level 5 in Air Magic
  2915 | D:3      | Found a broken altar of Ashenzari.
  2915 | D:3      | Found a sparkling altar of Nemelex Xobeh.
  3376 | D:4      | Found a glowing silver altar of Zin.
  3423 | D:4      | Reached XP level 6. HP: 26/35 MP: 8/11
  3491 | D:4      | Identified the +4 rapier "Vasafira" {drain, rF++}
  3589 | D:4      | Killed Blork the orc
  3590 | D:4      | Reached skill level 4 in Conjurations
  3629 | D:4      | Noticed Dowan
  3634 | D:4      | Noticed Duvessa
  3643 | D:4      | Killed Duvessa
  3644 | D:4      | Gained mutation: Your magical flight helps you evade
                  | attacks. (EV +4) [Tengu growth]
  3644 | D:4      | Reached XP level 7. HP: 35/40 MP: 11/13
  3655 | D:4      | Killed Dowan
  3852 | D:5      | Entered Level 5 of the Dungeon
  3897 | D:4      | Found a staircase to the Ecumenical Temple.
  3951 | D:4      | Identified the +9 rapier "Tengu's Regret" {speed, rCorr
                  | Str+2}
  3997 | Temple   | Entered the Ecumenical Temple
  4052 | Temple   | Became a worshipper of Vehumet
  4565 | D:5      | Noticed Menkaure
  4572 | D:5      | Killed Menkaure
  4573 | D:5      | Reached skill level 5 in Conjurations
  4794 | D:5      | Reached XP level 8. HP: 45/47 MP: 7/15
  4944 | D:5      | Reached skill level 5 in Dodging
  5125 | D:5      | Found a sacrificial altar of Ru.
  5297 | D:5      | Found a runed translucent door.
  5298 | D:5      | Noticed Crazy Yiuf
  5307 | D:5      | Killed Crazy Yiuf
  5309 | D:5      | Identified the +9 hammer "Hagetaeru" {chaos, rN+ Str+2
                  | Int+3 Stlth-}
  5607 | D:6      | Reached * piety under Vehumet
  5607 | D:6      | Offered knowledge of Freeze by Vehumet.
  5693 | D:6      | Found Dusa Ykinte's General Store.
  5995 | D:6      | Reached skill level 6 in Conjurations
  6035 | D:6      | Noticed Sigmund
  6045 | D:6      | Killed Sigmund
  6197 | D:6      | Learned a level 3 spell: Swiftness
  6210 | D:6      | Learned a level 4 spell: Airstrike
  6271 | D:6      | Reached XP level 9. HP: 35/52 MP: 8/17
  6327 | D:6      | Found a glowing golden altar of the Shining One.
  6330 | D:6      | Found an opulent altar of Gozag.
  6451 | D:6      | Noticed Pikel
  6455 | D:6      | Killed Pikel
  6456 | D:6      | Reached skill level 5 in Fighting
  6456 | D:6      | Reached skill level 5 in Spellcasting
  6456 | D:6      | Reached skill level 7 in Conjurations
  6784 | D:6      | Bought a scroll of enchant armour for 97 gold pieces
  6784 | D:6      | Bought a potion of curing for 39 gold pieces
  6784 | D:6      | Bought a scroll of blinking for 97 gold pieces
  7292 | D:7      | Found an ancient bone altar of Kikubaaqudgha.
  7376 | D:7      | Reached skill level 8 in Conjurations
  7575 | D:7      | Reached XP level 10. HP: 60/60 MP: 11/19
  7772 | D:7      | Learned a level 2 spell: Static Discharge
  8376 | D:8      | Found a white marble altar of Elyvilon.
  8389 | D:8      | Reached ** piety under Vehumet
  8396 | D:8      | Found a staircase to the Lair.
  8440 | D:8      | Offered knowledge of Kiss of Death by Vehumet.
  8445 | D:8      | Learned a level 3 spell: Stone Arrow
  8699 | D:8      | Noticed Prince Ribbit
  8703 | D:8      | Killed Prince Ribbit
  8774 | D:8      | Reached skill level 9 in Conjurations
  8801 | D:8      | Reached skill level 10 in Air Magic
  9132 | D:8      | Found a hide-covered altar of Uskayaw.
  9585 | D:10     | Entered Level 10 of the Dungeon
  9679 | D:9      | Offered knowledge of Mephitic Cloud by Vehumet.
  9684 | D:9      | Learned a level 3 spell: Mephitic Cloud
  9979 | D:10     | Noticed Lodul
 10108 | D:9      | Noticed a two-headed ogre
 10125 | D:9      | Killed a two-headed ogre
 10126 | D:9      | Reached XP level 11. HP: 65/67 MP: 12/22
 10276 | D:9      | Found a staircase to the Orcish Mines.
 10278 | D:9      | Reached skill level 10 in Conjurations
 10280 | D:9      | Reached *** piety under Vehumet
 10383 | D:9      | Offered knowledge of Volatile Blastmotes by Vehumet.
 10885 | D:10     | Killed Lodul
 11885 | D:11     | Reached **** piety under Vehumet
 11958 | D:11     | Offered knowledge of Arcjolt by Vehumet.
 12047 | D:11     | Learned a level 5 spell: Arcjolt
 12199 | D:11     | Noticed a two-headed ogre
 12206 | D:11     | Killed a two-headed ogre
 12207 | D:11     | Reached skill level 11 in Conjurations
 12219 | D:11     | Noticed a cyclops
 12258 | D:11     | Killed a cyclops
 12422 | D:11     | Reached XP level 12. HP: 75/75 MP: 20/25
 12792 | D:12     | Noticed a two-headed ogre
 12801 | D:12     | Killed a two-headed ogre
 12835 | D:12     | Noticed a centaur warrior
 12842 | D:12     | Killed a centaur warrior
 12843 | D:12     | Reached skill level 10 in Dodging
 13706 | Orc:1    | Entered Level 1 of the Orcish Mines
 13729 | Orc:2    | Entered Level 2 of the Orcish Mines
 13748 | Orc:2    | Noticed an orc high priest
 13967 | Orc:2    | Reached skill level 12 in Conjurations
 14559 | Lair:1   | Entered Level 1 of the Lair of Beasts
 14621 | Lair:1   | Found a runed translucent door.
 14621 | Lair:1   | Noticed Gadfly's ghost (journeyman GrFi)
 15073 | Lair:1   | Reached ***** piety under Vehumet
 15170 | Lair:1   | Reached XP level 13. HP: 72/82 MP: 20/27
 15173 | Lair:1   | Offered knowledge of Conjure Ball Lightning by Vehumet.
 15181 | Lair:1   | Learned a level 6 spell: Conjure Ball Lightning
 15696 | Lair:2   | Reached skill level 13 in Conjurations
 15748 | Lair:2   | Reached skill level 10 in Fighting
 16912 | Lair:3   | Reached skill level 10 in Spellcasting
 16919 | Lair:4   | Found a viscous altar of Jiyva.
 16924 | Lair:4   | Found a staircase to the Slime Pits.
 17164 | Lair:4   | Reached skill level 14 in Conjurations
 17255 | Lair:4   | Found a gate leading to a gauntlet.
 17264 | Gauntlet | Entered a Gauntlet
 17264 | Gauntlet | Found a transporter.
 17264 | Gauntlet | Found a transporter.
 17273 | Gauntlet | Found a transporter.
 17277 | Gauntlet | Found a transporter.
 17285 | Gauntlet | Found a transporter.
 17289 | Gauntlet | Found a transporter.
 17293 | Gauntlet | Found a runed translucent door.
 17295 | Gauntlet | Found a runed translucent door.
 17297 | Gauntlet | Found a transporter.
 17317 | Gauntlet | Found a transporter.
 17335 | Gauntlet | Found a transporter.
 17339 | Gauntlet | Found a transporter.
 17347 | Gauntlet | Found a transporter.
 17351 | Gauntlet | Found a transporter.
 17759 | Gauntlet | Identified the +1 pair of boots of Guce {rF+ Str+2}
 17771 | Gauntlet | Noticed a minotaur
 17802 | Gauntlet | Killed a minotaur
 18074 | Gauntlet | Identified the +10 spear of Eminent Domain {flame, Int+4
                  | Dex-2}
 18075 | Gauntlet | Got Uretsad's Directory of Contamination
 18094 | Lair:5   | Entered Level 5 of the Lair of Beasts
 18179 | Lair:4   | You are sucked into a shaft and drop 1 floor!
 18215 | Lair:5   | Reached skill level 1 in Staves
 18569 | Lair:3   | Reached XP level 14. HP: 84/90 MP: 8/29
 18748 | Lair:3   | Learned a level 4 spell: Summon Lightning Spire
 18781 | Lair:3   | Found a hole to the Spider Nest.
 18976 | Lair:3   | Found a staircase to the Shoals.
 20049 | Lair:4   | Reached skill level 15 in Conjurations
 20427 | Lair:5   | Reached skill level 5 in Staves
 21304 | Lair:5   | Offered knowledge of Spellforged Servitor by Vehumet.
 21565 | Lair:5   | Identified the +5 mace of Impatience {flame, *Rage +Blink
                  | rCorr Str+4}
 21600 | Lair:5   | Identified a scroll of acquirement
 22035 | Lair:5   | Reached skill level 16 in Conjurations
 22040 | Lair:5   | Reached XP level 15. HP: 76/97 MP: 13/31
 23370 | Orc:2    | Offered knowledge of Plasma Beam by Vehumet.
 23461 | Orc:2    | Found a staircase to the Elven Halls.
 24178 | Orc:2    | Found Jirchi's General Store.
 24178 | Orc:2    | Found Edaufod's Jewellery Emporium.
 24180 | Orc:2    | Found Cottootich's Jewellery Boutique.
 24180 | Orc:2    | Found Konoam's Antique Armour Emporium.
 24289 | Orc:1    | Reached ****** piety under Vehumet
 24812 | Shoals:1 | Entered Level 1 of the Shoals
 24827 | Shoals:1 | Reached skill level 17 in Conjurations
 24975 | Shoals:1 | You are sucked into a shaft and drop 1 floor!
 25990 | Shoals:1 | Offered knowledge of Ozocubu's Refrigeration by Vehumet.
 26079 | Shoals:1 | Noticed a fenstrider witch
 26083 | Shoals:1 | Paralysed by a fenstrider witch for 5 turns
 26084 | Shoals:1 | Killed a fenstrider witch
 26469 | Shoals:2 | Reached XP level 16. HP: 104/104 MP: 29/33
 26522 | Shoals:2 | Noticed Polyphemus
 26548 | Shoals:2 | Killed Polyphemus
 28379 | Shoals:4 | Entered Level 4 of the Shoals
 28489 | Shoals:4 | Found a glacial archway.
 28498 | IceCv    | Entered an ice cave
 28613 | IceCv    | Reached skill level 18 in Conjurations
 28772 | IceCv    | Reached skill level 10 in Staves
 29102 | IceCv    | Killed from afar by a frost giant

Illustrated notes

Levels and vault maps discovered:
D:1:      nzn_arrival_crosshair, layout_basic, dk_noncrumbling_2,
          chequers_big_river, corexii_item_surrounded_by_moat,
          chequers_arboretum, grunt_decor_cap
D:2:      layout_basic, ebering_ecumenical_altar_mist, minmay_pentomino_r2,
          uniq_jessica
D:3:      layout_basic, nicolae_overflow_two_pavilions,
          nicolae_dithmenos_shadow_blocks
D:4:      layout_loops_ring, nicolae_overflow_hidden_temple,
          minmay_temple_entry_statues_fountains, dk_noncrumbling_3,
          uniq_duvessa, uniq_blork_the_orc
D:5:      layout_basic, mainiacjoe_overflow_alcove_2, uniq_crazy_yiuf_cottage,
          uniq_menkaure
D:6:      layout_loops_cross, jmf_multi_god_temple2, serial_shops,
          nicolae_lakefront_shop, chequers_serial_rivers_micro_b, uniq_sigmund,
          uniq_pikel
D:7:      layout_rooms, lemuel_zombie_altar_kikubaaqudgha, minmay_ruffians
D:8:      layout_loops_ring, lemuel_crystal_altar, nicolae_uskayaw_suspiria,
          erik_lair_orcish_takeover, serial_glass, glass_columns_a,
          glass_columns_a, mrwooster_statue_mirror, kennysheep_generic_room_6,
          uniq_prince_ribbit1
D:9:      layout_roguey, david_orc_5, serial_library_hellmonk_junction
D:10:     layout_basic, nicolae_benzene_ring, uniq_lodul
D:11:     layout_roguey, statue_in_the_mist_lemuel
D:12:     layout_basic
D:13:     layout_long_grid, david_vaults_1, minmay_misc_feat_roman,
          chequers_serial_rivers_micro_a
Temple:   nicolae_temple_hex_pool
Lair:1:   layout_roguey, gammafunk_ghost_grave, infiniplex_staircase_pool_2
Lair:2:   layout_long_grid
Lair:3:   layout_hall_layers, elwin_shoals_entry_stream,
          hellmonk_spider_entry_life_and_decay
Lair:4:   layout_cave_pods, slime_entry_1, gauntlet_entry_generic,
          grunt_megastairs_4
Lair:5:   gammafunk_lair_ancient_temple, layout_cave_shapes, enter_volcano_1,
          small_statue_intersection, st_stairs_4, serial_bayou_pond_d
Shoals:1: layout_shoals, nicolae_shoals_beach_house_on_fowls_legs
Shoals:2: layout_shoals, uniq_polyphemus
Shoals:3: nicolae_shoals_deep_elves_summer_vacation, layout_shoals, centaur_isle
Shoals:4: shoals_end_grunt_ice, layout_shoals, shoal_ilsuiw,
          portal_ice_cave_entry_pillars_2, uniq_mara
Orc:1:    layout_caves, nicolae_orc_flooded_monolith
Orc:2:    grunt_orc_tribal_feast, layout_diamond_mine
IceCv:    ice_cave_small_giant

Skill      XL: |  1  2  3  4  5  6  7  8  9 10 11 12 13 14 15 16 |
---------------+-------------------------------------------------+-----
Conjurations   | 2 3 4 5 6 8 9 11 12 14 16 17 18 | 18.0
Fighting       | 1 2 3 4 5 7 8 9 11 12 13 14 | 14.1
Dodging        | 3 4 5 7 8 9 11 12 | 12.0
Air Magic      | 5 6 7 9 10 11 12 14 | 14.0
Spellcasting   | 3 4 5 7 8 9 10 11 12 13 | 13.3
Staves         | 2 6 8 10 | 10.2
Stealth        | |  2.0

Action                     |  1- 3 |  4- 6 |  7- 9 | 10-12 | 13-15 | 16-18 || total
---------------------------+-------+-------+-------+-------+-------+-------++-------
  Melee: Unarmed           |     3 |       |       |       |       |       ||     3
         Kick              |     1 |    14 |    18 |    75 |    56 |    10 ||   174
         Peck              |     1 |     8 |    10 |    40 |    27 |     2 ||    88
         Dagger            |     3 |    25 |       |       |       |       ||    28
         Rapier            |       |    15 |    78 |   189 |    77 |       ||   359
         Punch             |       |       |       |     6 |     2 |     1 ||     9
         Staff             |       |       |       |       |    57 |    16 ||    73
   Cast: Shock             |    56 |    90 |   161 |    88 |     3 |       ||   398
         Airstrike         |       |       |    20 |    47 |    32 |     1 ||   100
         Stone Arrow       |       |       |       |   155 |   376 |    67 ||   598
         Static Discharge  |       |       |       |    14 |     4 |       ||    18
         Swiftness         |       |       |       |     3 |     4 |       ||     7
         Mephitic Cloud    |       |       |       |    28 |    74 |    20 ||   122
         Arcjolt           |       |       |       |     8 |     8 |    28 ||    44
         Conjure Ball Ligh |       |       |       |       |    37 |     6 ||    43
         Summon Lightning  |       |       |       |       |    46 |    27 ||    73
  Evoke: Wand              |       |       |       |     2 |     6 |       ||     8
    Use: Scroll            |     3 |       |    12 |    11 |     7 |     3 ||    36
         Potion            |       |     2 |       |       |     8 |     1 ||    11
   Stab: Distracted        |     1 |       |       |       |     1 |       ||     2
         Confused          |       |       |       |    12 |     5 |       ||    17
 Armour: Robe              |     3 |    39 |    62 |   172 |   239 |    60 ||   575
  Dodge: Dodged            |    15 |    58 |   127 |   439 |   355 |   111 ||  1105
         Repelled          |       |       |     1 |     3 |       |       ||     4
